Map: Dusk Towers

Players

PtitDrogo - Winner!

  • Race: Protoss Protoss
  • League: Master

HyuN

  • Race: Zerg Zerg

Event: Homestory Cup XII

VOD

Have the link to the VOD?

Description

Time

  • Played on: Dec. 19, 2015, 3:45 p.m.
  • Length: 14:05

All games in this series

Show
View Real Time Build Order
Export as new Build Order

PtitDrogo Protoss - Winner!

Build Orders: Nexus First, Oracle Opening, Zealot Archon 

Get SALT Encoding   

  12  0:01  Probe (Chrono Boost)  
  13  0:11  Probe (Chrono Boost)  
  14  0:17  Pylon  
  14  0:22  Probe (Chrono Boost)  
  15  0:36  Probe (Chrono Boost)  
  16  0:46  Probe (Chrono Boost)  
  17  0:57  Nexus  
  17  1:00  Probe (Chrono Boost)  
  18  1:10  Gateway  
  18  1:13  Probe (Chrono Boost)  
  19  1:18  Assimilator  
  19  1:23  Probe (Chrono Boost)  
  20  1:26  Assimilator  
  20  1:34  Probe (Chrono Boost)  
  20  1:38  Gateway  
  21  1:44  Probe (Chrono Boost)  
  22  1:55  Probe (Chrono Boost)  
  22  1:58  Cybernetics Core  
  23  2:09  Probe (Chrono Boost)  
  23  2:10  Probe (Chrono Boost)  
  25  2:19  Probe (Chrono Boost)  
  25  2:20  Probe (Chrono Boost)  
  27  2:29  Probe (Chrono Boost)  
  28  2:30  Probe (Chrono Boost)  
  28  2:34  Adept x2 (Chrono Boost)  
  28  2:35  Warp Gate (Chrono Boost)  
  33  2:41  Probe  
  33  2:43  Stargate  
  34  2:45  Probe  
  35  2:53  Probe (Chrono Boost), Pylon  
  35  2:57  Probe (Chrono Boost)  
  37  3:08  Probe (Chrono Boost)  
  37  3:12  Mothership Core (Chrono Boost)  
  40  3:14  Adept  
  40  3:19  Probe (Chrono Boost)  
  45  3:28  Pylon  
  45  3:29  Probe (Chrono Boost)  
  45  3:31  Oracle (Chrono Boost)  
  45  3:40  Gateway  
  46  3:46  Probe x2  
  46  3:47  Adept x2  
  52  3:48  Pylon  
  52  3:55  Pylon  
  52  3:58  Probe x2  
  52  4:01  Oracle  
  54  4:08  Assimilator x2  
  57  4:10  Probe  
  57  4:14  Probe  
  59  4:19  Pylon  
  59  4:23  Probe  
  60  4:26  Probe  
  61  4:35  Probe  
  62  4:39  Adept x3  
  62  4:44  Probe (Chrono Boost)  
  69  4:47  Probe (Chrono Boost)  
  70  4:56  Probe (Chrono Boost)  
  70  4:59  Probe (Chrono Boost)  
  72  5:00  Sentry x2  
  72  5:01  Pylon  
  72  5:04  Nexus  
  72  5:05  Adept  
  78  5:08  Pylon  
  78  5:12  Robotics Facility  
  78  5:19  Probe x2 (Chrono Boost)  
  80  5:30  Probe x2 (Chrono Boost)  
  82  5:40  Probe x2 (Chrono Boost)  
  82  5:41  Forge  
  80  5:43  Twilight Council  
  80  5:44  Sentry x3  
  86  5:50  Probe (Chrono Boost)  
  86  5:51  Probe (Chrono Boost)  
  86  5:56  Void Ray (Chrono Boost)  
  92  6:00  Probe, Protoss Ground Weapons Level 1 (Chrono Boost), Gateway  
  92  6:02  Probe  
  94  6:05  Assimilator  
  94  6:14  Assimilator  
  94  6:16  Probe x2, Observer (Chrono Boost)  
  97  6:26  Probe  
  97  6:28  Probe  
  99  6:33  Zealot x3  
  99  6:38  Gateway  
  105  6:40  Gateway  
  105  6:43  Gateway  
  105  6:45  Gateway  
  105  6:49  Gateway  
  105  6:51  Gateway, Immortal (Chrono Boost)  
  105  6:55  Pylon  
  105  6:56  Pylon, Charge (Chrono Boost)  
  105  6:59  Pylon x2  
  105  7:01  Templar Archives  
  109  7:20  Zealot x4  
  117  7:24  Gateway x2, Warp Prism  
  117  7:26  Pylon  
  119  7:35  Pylon  
  119  7:37  Photon Cannon  
  119  7:42  High Templar x3  
  119  7:43  Zealot x3, High Templar  
  119  7:44  Zealot  
  135  7:48  Archon x2  
  135  7:49  Zealot  
  135  7:50  Zealot  
  139  8:03  Pylon  
  139  8:05  Pylon  
  139  8:13  High Templar  
  139  8:14  Zealot x4, High Templar  
  139  8:15  Zealot x3  
  157  8:20  Archon  
  157  8:28  Pylon  
  157  8:29  Pylon  
  157  8:38  Stalker x4  
  157  8:39  Stalker x2  
  157  8:41  Phoenix  
  155  8:43  High Templar  
  155  8:45  Zealot x4, High Templar  
  144  8:57  Stalker x4  
  144  8:58  Archon  
  144  9:01  Probe  
  133  9:03  Probe  
  133  9:04  Probe  
  133  9:08  Immortal  
  125  9:11  Protoss Ground Weapons Level 2  
  125  9:13  Probe  
  125  9:15  Probe  
  121  9:22  Nexus  
  113  9:25  High Templar x2  
  115  9:39  Archon  
  115  9:44  High Templar x2  
  115  9:45  Zealot x8  
  131  9:48  Probe x2  
  139  9:53  Archon  
  141  10:08  Probe  
  141  10:11  Assimilator x2  
  141  10:12  Warp Prism  
  142  10:15  Robotics Bay  
  142  10:17  Robotics Facility  
  142  10:19  Probe  
  141  10:24  High Templar x2  
  141  10:25  Zealot x7  
  141  10:26  Zealot  
  161  10:40  Archon  
  161  10:44  Zealot x2  
  161  10:48  Zealot x5  
  137  10:59  Zealot x4  
  135  11:04  Probe  
  134  11:12  High Templar  
  134  11:13  High Templar x4  
  134  11:14  High Templar  
  134  11:15  Zealot x2  
  150  11:19  Archon  
  150  11:20  Archon x2  
  150  11:28  Zealot x4  
  150  11:29  Disruptor  
  158  11:34  Disruptor  
  164  11:43  Zealot x2  
  160  11:49  Probe  
  160  11:50  Probe  
  158  11:59  High Templar x4  
  158  12:00  Warp Prism  
  158  12:07  Archon x2  
  158  12:10  Disruptor  
  158  12:15  Nexus  
  157  12:16  Pylon  
  141  12:29  Zealot x8  
  153  12:31  Disruptor  
  153  12:33  Pylon  
  153  12:35  Zealot x3  
  162  12:41  High Templar  
  162  12:53  High Templar x3  
  162  12:54  Zealot x5  
  178  13:01  Archon  
  178  13:02  Archon  
  147  13:26  Zealot x4  
  147  13:27  Zealot x6  
  155  13:28  Zealot x2  
  165  13:50  Stargate  
  165  13:51  Stargate  
  165  13:54  Stalker x7  
  165  13:55  Stalker x2  
Show
View Real Time Build Order
Export as new Build Order

HyuN Zerg 

Build Orders: Hatch First, Lurkers 

Get SALT Encoding   

  12  0:00  Drone  
  13  0:12  Overlord  
  13  0:17  Drone  
  14  0:30  Drone  
  14  0:31  Drone  
  14  0:34  Drone  
  17  0:51  Hatchery  
  17  0:54  Drone  
  18  0:57  Drone  
  18  1:08  Extractor  
  17  1:12  Spawning Pool  
  17  1:14  Drone  
  17  1:18  Drone  
  18  1:28  Drone  
  19  1:38  Overlord  
  19  1:49  Drone  
  20  1:59  Zergling x2, Queen  
  23  2:02  Queen  
  23  2:04  Drone  
  26  2:09  Metabolic Boost  
  26  2:10  Drone  
  26  2:14  Drone  
  28  2:21  Drone  
  30  2:30  Drone  
  30  2:33  Hatchery  
  29  2:38  Queen  
  29  2:44  Overlord  
  31  2:46  Drone  
  31  2:48  Drone  
  31  2:49  Drone  
  34  2:56  Drone  
  34  2:57  Drone  
  36  3:05  Zergling x2  
  37  3:08  Zergling x8  
  37  3:10  Overlord  
  41  3:13  Drone  
  41  3:14  Drone  
  41  3:16  Drone  
  44  3:23  Overlord  
  44  3:28  Queen  
  44  3:32  Drone  
  44  3:33  Drone  
  47  3:40  Drone  
  48  3:42  Drone  
  48  3:44  Drone x3  
  48  3:46  Drone  
  48  3:47  Drone  
  54  3:49  Drone  
  54  3:52  Queen  
  54  3:53  Overlord  
  54  3:54  Overlord  
  56  3:56  Drone x2  
  56  4:00  Queen  
  60  4:03  Drone  
  60  4:06  Drone  
  62  4:11  Drone x2  
  62  4:16  Extractor  
  63  4:18  Extractor  
  63  4:20  Drone x6  
  63  4:21  Roach Warren  
  63  4:23  Drone x2  
  69  4:25  Drone  
  69  4:30  Spore Crawler  
  69  4:36  Spore Crawler  
  69  4:38  Drone x3  
  66  4:42  Spore Crawler  
  66  4:45  Overlord x2  
  67  4:50  Zergling x2  
  67  4:51  Zergling x14  
  75  4:59  Overlord x2  
  75  5:05  Roach  
  75  5:06  Roach x2  
  81  5:07  Roach  
  81  5:12  Roach  
  81  5:13  Roach x4  
  93  5:25  Roach x3  
  94  5:36  Drone x6  
  94  5:40  Lair  
  94  5:42  Drone, Extractor x2  
  97  5:43  Drone  
  97  5:46  Drone, Extractor  
  97  5:49  Drone  
  99  5:50  Evolution Chamber  
  99  5:51  Hatchery  
  99  5:53  Drone  
  99  5:54  Drone x2  
  99  5:56  Drone  
  101  6:07  Drone  
  101  6:08  Drone x5  
  101  6:10  Drone x3  
  110  6:18  Overlord x3  
  109  6:31  Spore Crawler  
  109  6:40  Drone  
  109  6:41  Zerg Missile Weapons Level 1, Spire  
  109  6:42  Glial Reconstitution  
  109  6:43  Drone x2  
  109  6:45  Drone x9  
  120  6:48  Overseer  
  120  6:50  Overlord x4  
  120  6:53  Overlord, Extractor  
  119  6:57  Extractor  
  118  7:08  Hydralisk Den  
  117  7:11  Overseer  
  117  7:13  Pneumatized Carapace  
  114  7:18  Drone x2  
  112  7:23  Drone x3  
  115  7:42  Lurker Den  
  115  7:46  Hatchery  
  114  7:58  Mutalisk x12  
  111  7:59  Mutalisk  
  111  8:05  Drone x5  
  140  8:19  Roach x10  
  160  8:22  Overlord x3  
  160  8:24  Spine Crawler x3  
  157  8:27  Extractor  
  157  8:29  Ravager x2  
  157  8:30  Ravager x4  
  157  8:32  Extractor  
  155  8:42  Ravager x3  
  155  8:47  Roach x6  
  155  8:48  Zergling x12  
  173  9:02  Roach  
  145  9:03  Roach x10  
  145  9:05  Roach  
  144  9:12  Roach x4  
  144  9:14  Roach  
  150  9:17  Roach  
  150  9:19  Roach  
  150  9:21  Roach  
  150  9:22  Roach x2  
  155  9:28  Ravager x4  
  159  9:33  Hydralisk x2  
  159  9:36  Hydralisk  
  159  9:38  Roach x3  
  171  9:41  Roach  
  171  9:42  Roach  
  175  9:48  Roach x2  
  179  9:53  Spore Crawler  
  179  9:57  Ravager x3  
  179  9:58  Zergling x2  
  182  10:04  Lurker  
  182  10:05  Lurker  
  182  10:07  Overlord x3  
  182  10:25  Zerg Missile Weapons Level 2  
  182  10:27  Ravager x3  
  182  10:28  Ravager x2, Zergling x2  
  187  10:29  Zergling x24  
  200  10:38  Overseer  
  200  10:39  Overseer  
  157  11:02  Hydralisk  
  157  11:03  Hydralisk x7  
  126  11:05  Roach x10  
  126  11:06  Roach x2  
  126  11:08  Roach  
  126  11:09  Roach  
  144  11:17  Ravager  
  145  11:20  Ravager x2  
  145  11:23  Roach  
  145  11:24  Roach x5  
  160  11:25  Zergling x2  
  160  11:26  Zergling x6  
  160  11:29  Roach  
  160  11:30  Roach  
  168  11:32  Lurker  
  168  11:36  Lurker  
  157  11:49  Roach x4  
  157  11:50  Roach x6  
  168  12:02  Lurker  
  168  12:06  Lurker x3  
  169  12:17  Ravager x2  
  169  12:18  Ravager  
  169  12:20  Ravager  
  172  12:23  Zergling x16  
  172  12:24  Zergling x8  
  172  12:29  Hatchery  
  183  12:36  Overlord x2  
  183  12:37  Overlord  
  103  13:13  Mutalisk x9  
  103  13:16  Mutalisk  
  111  13:27  Mutalisk x2  
  111  13:33  Zergling x2  
  111  13:34  Zergling x16  
Tags
 
Add a new tag
Caveats
  • Supply blocks, unpowered buildings, or Contaminate may cause inaccurate times.
  • Supply counts are checked every 10 seconds.